[Event "Titled Tuesday Blitz June 14 Early 2022"]
[White "Lamaze, Simon"]
[Black "Babazada, Khazar"]
[WhiteFideId "36069264"]
[BlackFideId "13413554"]
[WhiteElo "2090"]
[BlackElo "2406"]
[Result "1/2-1/2"]
[Round "06"]
[TimeControl "180+1"]
[Date "2022.06.14"]
[WhiteClock "0:00:14"]
[BlackClock "0:00:06"]

1. d4 Nf6 2. c4 g6 3. Nc3 d6 4. e4 Bg7 5. h3 O-O 6. Be3 e5 7. d5 Na6 8. g4 Nc5 9. f3 a5 10. h4 c6 11. Rh2 cxd5 12. cxd5 h5 13. g5 Ne8 14. Nh3 Bd7 15. Kf2 f5 16. gxf6 Nxf6 17. Kg1 Kh8 18. Ng5 Nh7 19. Rg2 Nxg5 20. Bxg5 Bf6 21. Be2 Bxg5 22. Rxg5 Rf4 23. Qe1 Kh7 24. Qg3 Be8 25. Kh2 Bf7 26. Rg1 Qf6 27. Nd1 Rf8 28. Ne3 Be8 29. Ng2 Rxf3 30. Bxf3 Qxf3 31. Qxf3 Rxf3 32. Rg3 Rf2 33. Re3 Rxb2 34. a3 b5 35. Rf1 Kg7 36. Kg3 b4 37. axb4 axb4 38. Ra1 Bb5 39. Ra7+ Kh6 40. Ne1 b3 41. Nf3 Bd7 42. Ng5 Rb1 43. Rf3 b2 44. Rf7 Rg1+ 45. Kh2 Rxg5 46. hxg5+ Kxg5 47. Rf1 Bg4 48. Rb1 Kf4 49. Rxb2 Nxe4 50. Ra6 Bf3 51. Ra7 g5 52. Rf7+ Kg4 53. Rb1 h4 54. Rg1+ Ng3 55. Rf6 e4 56. Rxd6 e3 57. Rd7 e2 58. d6 Kf4 59. Re1 Ke3 60. Re7+ Kf2 61. d7 Kxe1 62. d8=Q g4 63. Qa5+ Kf2 64. Qb6+ Kf1 65. Qe3 Ne4 66. Rxe4 Bxe4 67. Qf4+ Bf3 68. Qc4 g3+ 69. Kh3 g2 70. Qd3 g1=N+ 71. Kh2 Bg4 72. Qc4 Nf3+ 73. Kh1 Kf2 74. Qc5+ Kg3 75. Qc7+ Kh3 76. Qg3+ hxg3 1/2-1/2


[Site "https://www.chess.com"]

[Event "Titled Tuesday Blitz June 14 Early 2022"]
[White "Lazavik, Denis"]
[Black "Lashkin, Jegor"]
[WhiteFideId "13515110"]
[BlackFideId "13907808"]
[WhiteElo "2437"]
[BlackElo "2368"]
[Result "1-0"]
[Round "06"]
[TimeControl "180+1"]
[Date "2022.06.14"]
[WhiteClock "0:00:04"]
[BlackClock "0:00:05"]

1. d4 Nf6 2. c4 e6 3. Nf3 d5 4. g3 dxc4 5. Bg2 c6 6. a4 Bb4+ 7. Bd2 a5 8. Qc2 O-O 9. Qxc4 Bxd2+ 10. Nbxd2 b6 11. Qc2 Ba6 12. Nc4 Nbd7 13. O-O Rc8 14. Rfd1 Qe7 15. Nfe5 Nd5 16. Nxd7 Qxd7 17. Qb3 Rb8 18. Rac1 Rfc8 19. Ne5 Qe8 20. e4 Nb4 21. Qe3 Na2 22. Rc2 Nb4 23. Rcd2 Rd8 24. h4 Qe7 25. f4 Rd6 26. h5 h6 27. g4 Rbd8 28. g5 c5 29. gxh6 gxh6 30. Ng4 Kg7 31. Qg3 Kh7 32. e5 Rxd4 33. Rxd4 Rxd4 34. Rxd4 cxd4 35. Nf6+ 1-0


[Site "https://www.chess.com"]

[Event "Titled Tuesday Blitz June 14 Early 2022"]
[White "Martinez Alcantara, Jose Eduardo"]
[Black "Matinian, Nikita"]
[WhiteFideId "3805662"]
[BlackFideId "24129100"]
[WhiteElo "2703"]
[BlackElo "2422"]
[Result "1-0"]
[Round "06"]
[TimeControl "180+1"]
[Date "2022.06.14"]
[WhiteClock "0:00:12"]
[BlackClock "0:00:02"]

1. e4 c5 2. Nf3 d6 3. Bb5+ Nd7 4. O-O Nf6 5. Re1 g6 6. c3 Bg7 7. d4 a6 8. Bxd7+ Bxd7 9. e5 dxe5 10. dxe5 Ng4 11. h3 Nh6 12. Nbd2 Bc6 13. Qe2 Qd5 14. Ne4 Qxe4 15. Qxe4 Bxe4 16. Rxe4 b6 17. a4 a5 18. Bg5 Ra7 19. Nd2 Nf5 20. Nc4 Rb7 21. g4 h6 22. Bf6 O-O 23. gxf5 exf6 24. e6 gxf5 25. Re2 fxe6 26. Rxe6 Rfb8 27. Rd1 Bf8 28. Rxf6 b5 29. axb5 Rxb5 30. Rxf5 a4 31. Rd3 R5b7 32. Kf1 Re8 33. Rf6 Re4 34. Rg3+ Rg7 35. Rgf3 Rxc4 36. Rxf8+ Kh7 37. R8f4 Rxf4 38. Rxf4 Ra7 39. Ke2 Kg6 40. Kd3 a3 41. bxa3 Rxa3 42. Rg4+ Kh5 43. Re4 Ra2 44. f3 Rh2 45. h4 Rxh4 46. Re5+ Kg6 47. Rxc5 Rf4 48. Ke3 Rf6 49. f4 h5 50. Ke4 h4 51. Kf3 Rd6 52. Kg4 Rf6 53. f5+ Kf7 54. Kxh4 Ra6 55. Kg5 Ra1 56. Rc7+ Kf8 57. Kg6 Ra6+ 58. f6 Ra8 59. Rh7 Kg8 60. f7+ 1-0


[Site "https://www.chess.com"]

[Event "Titled Tuesday Blitz June 14 Early 2022"]
[White "Matlakov, Maxim"]
[Black "Maximov, Dmitry"]
[WhiteFideId "4168003"]
[BlackFideId "14105659"]
[WhiteElo "2669"]
[BlackElo "2494"]
[Result "0-1"]
[Round "06"]
[TimeControl "180+1"]
[Date "2022.06.14"]
[WhiteClock "0:00:25"]
[BlackClock "0:01:12"]

1. d4 Nf6 2. Nc3 d5 3. Bf4 c6 4. e3 Bf5 5. f3 h6 6. g4 Bh7 7. h4 h5 8. g5 Nfd7 9. Bd3 Bxd3 10. Qxd3 g6 11. O-O-O Bg7 12. e4 O-O 13. exd5 cxd5 14. Nxd5 Nc6 15. Ne2 Qa5 16. Qb3 Nb6 17. Nxb6 axb6 18. a3 Qa6 19. Qd3 b5 20. Rhe1 Rfd8 21. d5 Rxd5 22. Qxd5 Bxb2+ 23. Kb1 Qxa3 24. c3 b4 25. Bc1 bxc3 26. Nxc3 Qa1+ 27. Kc2 Nb4+ 28. Kb3 Qa3+ 29. Kc4 Qxc3+ 0-1


[Site "https://www.chess.com"]

[Event "Titled Tuesday Blitz June 14 Early 2022"]
[White "Mchedlishvili, Mikheil"]
[Black "Skliarov, Viktor"]
[WhiteFideId "13600966"]
[BlackFideId "14106736"]
[WhiteElo "2545"]
[BlackElo "2229"]
[Result "1-0"]
[Round "06"]
[TimeControl "180+1"]
[Date "2022.06.14"]
[WhiteClock "0:00:40"]
[BlackClock "0:00:03"]

1. d4 Nf6 2. Bf4 g6 3. Nc3 d5 4. Nf3 Bg7 5. Nb5 Na6 6. e3 O-O 7. h3 Ne4 8. Nd2 Nxd2 9. Qxd2 c6 10. Nc3 Nc7 11. O-O-O b5 12. h4 h5 13. f3 Ne6 14. Be5 Bxe5 15. dxe5 b4 16. Ne2 Qa5 17. Kb1 Rd8 18. g4 Ng7 19. Nf4 hxg4 20. h5 Bf5 21. hxg6 fxg6 22. fxg4 Bxg4 23. Be2 Bf5 24. Bd3 Kf7 25. Qg2 Rg8 26. Rh7 Ke8 27. e4 dxe4 28. Bxe4 Qxe5 29. Bxc6+ Kf7 30. Bd5+ Kf6 31. Bxg8 Qxf4 32. Qxa8 Qf2 33. Bb3 1-0


[Site "https://www.chess.com"]

[Event "Titled Tuesday Blitz June 14 Early 2022"]
[White "Nakamura, Hikaru"]
[Black "Sarana, Alexey"]
[WhiteFideId "2016192"]
[BlackFideId "24133795"]
[WhiteElo "2850"]
[BlackElo "2666"]
[Result "1/2-1/2"]
[Round "06"]
[TimeControl "180+1"]
[Date "2022.06.14"]
[WhiteClock "0:00:27"]
[BlackClock "0:00:04"]

1. Nf3 d5 2. e3 c5 3. b3 Nc6 4. Bb2 a6 5. d4 cxd4 6. Nxd4 Nf6 7. Nxc6 bxc6 8. Bd3 Bg4 9. Qc1 e6 10. Nd2 Be7 11. c4 O-O 12. Qc2 Bh5 13. O-O Bg6 14. Rfd1 a5 15. Nf3 a4 16. Bxg6 hxg6 17. Ne5 Qb6 18. bxa4 Qa6 19. a5 Rfc8 20. Rac1 Bd6 21. Nxg6 Ne4 22. f3 Nc5 23. Qc3 f6 24. e4 Na4 25. Qc2 Qxa5 26. Ba1 Ba3 27. Rb1 Qc5+ 28. Kh1 Qxc4 29. Qf2 Rab8 30. Nf4 Rxb1 31. Rxb1 dxe4 32. Qg3 e5 33. Qg4 Re8 34. Qh5 Rd8 35. Ng6 Qd3 36. Rg1 Bc5 37. Qh8+ Kf7 38. Qh5 Kg8 39. Qh8+ Kf7 40. Qh5 Kg8 1/2-1/2


[Site "https://www.chess.com"]

[Event "Titled Tuesday Blitz June 14 Early 2022"]
[White "Pranav Anand"]
[Black "Adla, Diego"]
[WhiteFideId "46626786"]
[BlackFideId "100072"]
[WhiteElo "2259"]
[BlackElo "2377"]
[Result "1-0"]
[Round "06"]
[TimeControl "180+1"]
[Date "2022.06.14"]
[WhiteClock "0:00:33"]
[BlackClock "0:01:12"]

1. Nf3 d5 2. g3 Nd7 3. d4 Nb6 4. Bg2 Bf5 5. O-O e6 6. a4 a5 7. b3 Be7 8. Ba3 h6 9. Ne5 Nf6 10. c4 O-O 11. Bxe7 Qxe7 12. Nd2 c6 13. Qc1 Rfd8 14. c5 Nbd7 15. Nxd7 Nxd7 16. f4 b6 17. cxb6 Qb4 18. Nf3 Qxb6 19. Qc3 Rdc8 20. Rfc1 c5 21. Kh1 Rc7 22. Ne5 c4 23. Nxd7 Rxd7 24. bxc4 Qb4 25. c5 Rb8 26. e3 Rdb7 27. Ra3 h5 28. h3 f6 29. Kh2 g5 30. c6 Rc7 31. Qa1 h4 32. gxh4 gxf4 33. exf4 Rb6 34. Rg3+ Kh7 35. Qc3 Qxa4 36. Qf3 Bg6 37. Qg4 1-0


[Site "https://www.chess.com"]

[Event "Titled Tuesday Blitz June 14 Early 2022"]
[White "Pranav, V"]
[Black "Halkias, Stelios"]
[WhiteFideId "25060783"]
[BlackFideId "4201809"]
[WhiteElo "2349"]
[BlackElo "2453"]
[Result "1-0"]
[Round "06"]
[TimeControl "180+1"]
[Date "2022.06.14"]
[WhiteClock "0:00:06"]
[BlackClock "0:00:05"]

1. e4 c5 2. Nf3 d6 3. c3 Nf6 4. Be2 g6 5. O-O Bg7 6. Bb5+ Nbd7 7. Re1 a6 8. Bf1 O-O 9. d4 e5 10. dxe5 Nxe5 11. Nxe5 dxe5 12. Nd2 b5 13. a4 Bd7 14. Nb3 Qc7 15. Qc2 bxa4 16. Nd2 Bb5 17. Nc4 Rfd8 18. Bg5 Qb7 19. Nxe5 Re8 20. Bxf6 Bxf6 21. Nc4 Qc6 22. Rad1 Rad8 23. Rxd8 Bxd8 24. h3 Bc7 25. g3 Qe6 26. Nd2 Rd8 27. Nf3 Bxf1 28. Rxf1 Qxh3 29. Qxa4 Qg4 30. Kg2 Rd3 31. Ne5 Bxe5 32. Qe8+ Kg7 33. Qxe5+ Kg8 34. Qxc5 Qxe4+ 35. Kg1 Qe2 36. b4 Qd2 37. c4 Qc3 38. Kg2 Rd4 39. Qc8+ Kg7 40. Qxa6 Rxc4 41. b5 Rb4 42. b6 Qc6+ 43. Kg1 Qxb6 44. Qa1+ Qd4 45. Qa3 Rb2 46. Qf3 h5 47. Rd1 Rd2 48. Re1 Rd3 49. Qg2 Rd2 50. Qf3 Rd3 51. Qg2 Rc3 52. Re4 Rc1+ 53. Kh2 Qf6 54. Rf4 Qe5 55. Qf3 Rc2 56. Rxf7+ Kh6 57. Rf8 Qe7 58. Qf4+ Kg7 59. Rb8 Rc7 60. Rb2 Qf7 61. Qe5+ Kh7 62. Re2 Qg7 63. Qf4 Rf7 64. Qh4 Qf6 65. Qc4 Qf3 66. Rd2 Qf6 67. f4 Qf5 68. Re2 Qf6 69. Re5 Re7 70. Qc5 Rf7 71. Qd5 Qg7 72. Qe4 Rd7 73. Rxh5+ Kg8 74. Qe8+ Qf8 75. Rh8+ Kxh8 76. Qxf8+ Kh7 77. Kh3 Rd1 78. Kg4 Rd5 79. Qf7+ 1-0


[Site "https://www.chess.com"]

[Event "Titled Tuesday Blitz June 14 Early 2022"]
[White "Priasmoro, Novendra"]
[Black "Paravyan, David"]
[WhiteFideId "7105029"]
[BlackFideId "4194985"]
[WhiteElo "2309"]
[BlackElo "2569"]
[Result "0-1"]
[Round "06"]
[TimeControl "180+1"]
[Date "2022.06.14"]
[WhiteClock "0:00:46"]
[BlackClock "0:00:58"]

1. Nf3 Nf6 2. g3 c5 3. Bg2 Nc6 4. d4 cxd4 5. Nxd4 e5 6. Nxc6 dxc6 7. Qxd8+ Kxd8 8. O-O Kc7 9. Nd2 Bf5 10. Nc4 Nd7 11. c3 Be6 12. Na5 Bc5 13. Rd1 Bb6 14. Nb3 Rad8 15. Bd2 h5 16. h4 Nf6 17. Bg5 Rxd1+ 18. Rxd1 Ng4 19. Rf1 f6 20. Bc1 Rd8 21. e3 a5 22. Bf3 a4 23. Na1 Bxa2 24. Be2 e4 25. Rd1 Bc5 26. Rxd8 Kxd8 27. Nc2 Kd7 28. Nd4 b5 29. Bd1 Bd5 30. Bc2 g6 31. Kf1 Ne5 32. Ke2 Bc4+ 33. Ke1 f5 34. Ne2 Bd3 35. Bd1 Nf3+ 36. Kf1 Bc4 37. Bc2 Bd6 38. Bd1 Be5 39. Bc2 c5 40. Bd1 Kc6 41. Bc2 Bd3 42. Bd1 Kb6 43. Kg2 Bc4 44. Nf4 Ne1+ 45. Kg1 Bxf4 46. exf4 Nd3 47. Be3 Nxb2 48. Bc1 Nxd1 0-1


[Site "https://www.chess.com"]

[Event "Titled Tuesday Blitz June 14 Early 2022"]
[White "Puranik, Abhimanyu"]
[Black "Yilmaz, Mustafa"]
[WhiteFideId "5061245"]
[BlackFideId "6302718"]
[WhiteElo "2520"]
[BlackElo "2568"]
[Result "0-1"]
[Round "06"]
[TimeControl "180+1"]
[Date "2022.06.14"]
[WhiteClock "0:00:40"]
[BlackClock "0:01:12"]

1. Nf3 d5 2. e3 c6 3. c4 Nf6 4. b3 Bf5 5. Bb2 h6 6. Nc3 e6 7. d4 Ne4 8. Nxe4 Bxe4 9. Nd2 Bg6 10. Be2 Bd6 11. O-O Nd7 12. Nf3 O-O 13. Bd3 Bh5 14. h3 f5 15. Be2 Bxf3 16. Bxf3 Nf6 17. c5 Bc7 18. b4 Qe7 19. Rb1 a6 20. a4 e5 21. dxe5 Bxe5 22. Bd4 Ne4 23. b5 axb5 24. axb5 Kh7 25. bxc6 bxc6 26. Rb6 Rf6 27. Qc2 Rg6 28. Bxe4 fxe4 29. Bxe5 Qxe5 30. f4 exf3 31. Rxc6 Qxe3+ 32. Kh1 fxg2+ 0-1


[Site "https://www.chess.com"]

[Event "Titled Tuesday Blitz June 14 Early 2022"]
[White "Rodrigue-Lemieux, Shawn"]
[Black "Madaminov, Mukhiddin"]
[WhiteFideId "2620049"]
[BlackFideId "14210703"]
[WhiteElo "1763"]
[BlackElo "1916"]
[Result "1-0"]
[Round "06"]
[TimeControl "180+1"]
[Date "2022.06.14"]
[WhiteClock "0:01:00"]
[BlackClock "0:00:04"]

1. a3 a6 2. c4 e5 3. g3 Nc6 4. Bg2 Bc5 5. Nc3 d6 6. e3 Ba7 7. Nge2 Nf6 8. O-O h5 9. h4 Be6 10. Nd5 Qd7 11. d4 Bh3 12. dxe5 Nxe5 13. Nxf6+ gxf6 14. Nf4 Bxg2 15. Kxg2 Nxc4 16. b3 Ne5 17. Bb2 O-O-O 18. Rc1 Kb8 19. Bd4 Bxd4 20. Qxd4 d5 21. Rfd1 c6 22. b4 Qg4 23. a4 Qf3+ 24. Kg1 Qg4 25. Qb6 Nf3+ 26. Kf1 Ne5 27. b5 Nc4 28. Qd4 axb5 29. axb5 c5 30. Qxc5 Qf3 31. Kg1 Rhg8 32. b6 Rxg3+ 33. fxg3 Qxg3+ 34. Ng2 Rg8 35. Qc7+ Qxc7 36. bxc7+ Kxc7 37. Rxd5 Kc6 38. Rxh5 b5 39. Kf2 Kb6 40. Nf4 Ne5 41. Rf5 Ng4+ 42. Kf3 Ne5+ 43. Ke2 Nc4 44. Rxf6+ Kc5 45. Rxf7 Rd8 46. Rc7+ Kb6 47. R7xc4 bxc4 48. Rxc4 Rh8 49. h5 Kb5 50. Rd4 Kc5 51. Kf3 Kc6 52. Kg4 Kc5 53. Kf5 Rf8+ 54. Kg6 Re8 55. Rd3 Rg8+ 56. Kf7 Rg4 57. h6 Rh4 58. Kg7 1-0


[Site "https://www.chess.com"]

[Event "Titled Tuesday Blitz June 14 Early 2022"]
[White "Samadov, Read"]
[Black "Niekras, Dawid"]
[WhiteFideId "13417444"]
[BlackFideId "1160451"]
[WhiteElo "2084"]
[BlackElo "2264"]
[Result "1/2-1/2"]
[Round "06"]
[TimeControl "180+1"]
[Date "2022.06.14"]
[WhiteClock "0:00:10"]
[BlackClock "0:00:02"]

1. d4 Nf6 2. c4 g6 3. Nc3 Bg7 4. g3 O-O 5. Bg2 c5 6. Nf3 d5 7. dxc5 Qa5 8. cxd5 Nxd5 9. Qxd5 Bxc3+ 10. Bd2 Rd8 11. Bxc3 Qxc3+ 12. bxc3 Rxd5 13. Nd4 Rxc5 14. Rc1 Nd7 15. f4 Nb6 16. Kf2 Nc4 17. Rhd1 Bd7 18. Bxb7 Rb8 19. Bf3 Rb2 20. Rc2 Rxc2 21. Nxc2 Ba4 22. Rd8+ Kg7 23. Nd4 Nb6 24. Rb8 Rxc3 25. Rb7 Nc8 26. h4 Rc4 27. Nb3 Bxb3 28. axb3 Rc3 29. b4 Kf6 30. g4 h6 31. g5+ hxg5 32. hxg5+ Ke6 33. Bg4+ Kd6 34. Bxc8 Rxc8 35. Rxa7 Rc4 36. Ra6+ Kd7 37. Ra7+ Kd6 38. Ra6+ Kd7 39. b5 Rxf4+ 40. Kg3 Rf5 41. Ra7+ Kd6 42. Ra6+ Kd7 43. Ra7+ Kd6 44. Ra6+ Kd7 1/2-1/2


[Site "https://www.chess.com"]

[Event "Titled Tuesday Blitz June 14 Early 2022"]
[White "Samsonkin, Artiom"]
[Black "Antipov, Mikhail Al."]
[WhiteFideId "13503111"]
[BlackFideId "4107012"]
[WhiteElo "2513"]
[BlackElo "2524"]
[Result "0-1"]
[Round "06"]
[TimeControl "180+1"]
[Date "2022.06.14"]
[WhiteClock "0:01:41"]
[BlackClock "0:02:14"]

1. d4 Nf6 2. Nf3 g6 3. Nc3 d5 4. Bf4 Bg7 5. Qd2 Ne4 6. Nxe4 dxe4 7. Ne5 O-O 8. Bh6 Bxh6 9. Qxh6 Qxd4 10. Qf4 f6 11. Ng4 Qxb2 12. Rd1 Qc3+ 13. Rd2 Bxg4 14. Qxg4 Rd8 15. Qf4 Qa1+ 0-1


[Site "https://www.chess.com"]

[Event "Titled Tuesday Blitz June 14 Early 2022"]
[White "Samunenkov, Ihor"]
[Black "Xu, Yi"]
[WhiteFideId "14187086"]
[BlackFideId "8605564"]
[WhiteElo "2409"]
[BlackElo "2471"]
[Result "1/2-1/2"]
[Round "06"]
[TimeControl "180+1"]
[Date "2022.06.14"]
[WhiteClock "0:00:11"]
[BlackClock "0:00:15"]

1. d4 Nf6 2. c4 e6 3. Nc3 Bb4 4. e3 O-O 5. Bd2 d5 6. Nf3 b6 7. cxd5 exd5 8. Rc1 Bb7 9. Bd3 Re8 10. Ne5 Bf8 11. O-O c5 12. f4 Nc6 13. Ne2 Ne4 14. Be1 Rc8 15. Bxe4 dxe4 16. Nxf7 Kxf7 17. Qb3+ c4 18. Qxc4+ Kg6 19. f5+ Kh6 20. Bg3 Ne5 21. Qg8 Be7 22. Rxc8 Bxc8 23. Bf4+ Bg5 24. Bxg5+ Qxg5 25. Qxe8 Qxe3+ 26. Kh1 Qxe2 27. Ra1 Qxb2 28. Rf1 Qe2 29. Ra1 Ng4 30. Qxc8 Nf2+ 31. Kg1 Nh3+ 32. gxh3 Qe3+ 33. Kg2 Qe2+ 34. Kg1 Qe3+ 35. Kg2 Qf3+ 36. Kg1 Qe3+ 1/2-1/2


[Site "https://www.chess.com"]

[Event "Titled Tuesday Blitz June 14 Early 2022"]
[White "Sargsyan, Anna M."]
[Black "Shirov, Alexei"]
[WhiteFideId "13308130"]
[BlackFideId "2209390"]
[WhiteElo "2271"]
[BlackElo "2678"]
[Result "0-1"]
[Round "06"]
[TimeControl "180+1"]
[Date "2022.06.14"]
[WhiteClock "0:00:32"]
[BlackClock "0:01:31"]

1. d4 d5 2. c4 c6 3. Nc3 Nf6 4. Nf3 e6 5. e3 Nbd7 6. Bd3 dxc4 7. Bxc4 b5 8. Bd3 Bb7 9. Qc2 a6 10. e4 c5 11. e5 cxd4 12. exf6 dxc3 13. fxg7 Bxg7 14. bxc3 Rc8 15. Bb2 Nc5 16. Be2 Be4 17. Qd2 Na4 18. Nd4 Bxd4 19. cxd4 Rc2 20. Qe3 Bxg2 21. Rg1 Qa5+ 22. Kd1 Be4 23. Bd3 Bxd3 0-1


[Site "https://www.chess.com"]

[Event "Titled Tuesday Blitz June 14 Early 2022"]
[White "Shimanov, Aleksandr"]
[Black "Karolczuk, Iwo"]
[WhiteFideId "4198603"]
[BlackFideId "21816972"]
[WhiteElo "2605"]
[BlackElo "2281"]
[Result "1-0"]
[Round "06"]
[TimeControl "180+1"]
[Date "2022.06.14"]
[WhiteClock "0:00:23"]
[BlackClock "0:00:04"]

1. e4 c5 2. Nf3 d6 3. d4 cxd4 4. Qxd4 e5 5. Qd1 Nf6 6. Nc3 h6 7. Bc4 Be6 8. Bxe6 fxe6 9. Nh4 Kf7 10. O-O g5 11. Nf3 Nc6 12. Ne1 a6 13. Nd3 b5 14. a3 Rc8 15. Kh1 Bg7 16. g3 g4 17. f4 gxf3 18. Qxf3 Rf8 19. Be3 Kg8 20. Qg2 d5 21. Bg1 d4 22. Nb1 Ng4 23. Nd2 Qe7 24. Qe2 Qg5 25. Nf3 Qh5 26. Kg2 Nf6 27. Rae1 Nd7 28. h3 Kh8 29. g4 Qg6 30. Bh2 Kh7 31. Bg3 Rf7 32. Nh4 Rxf1 33. Nxg6 Rxe1 34. Bxe1 Kxg6 35. h4 Rf8 36. h5+ Kh7 37. g5 hxg5 38. Qg4 Nd8 39. Qxg5 Rf6 40. Bh4 Bh6 41. Qg4 Rf7 42. Qg6+ Kh8 43. Qxh6+ Kg8 44. Bxd8 1-0


[Site "https://www.chess.com"]

[Event "Titled Tuesday Blitz June 14 Early 2022"]
[White "Svane, Rasmus"]
[Black "Shipov, Sergei"]
[WhiteFideId "4657101"]
[BlackFideId "4113624"]
[WhiteElo "2674"]
[BlackElo "2776"]
[Result "0-1"]
[Round "06"]
[TimeControl "180+1"]
[Date "2022.06.14"]
[WhiteClock "0:00:05"]
[BlackClock "0:00:11"]

1. Nf3 d5 2. g3 c6 3. Bg2 Bg4 4. O-O Nd7 5. h3 Bh5 6. d4 e6 7. c4 Ngf6 8. cxd5 exd5 9. Ne5 Ne4 10. Bxe4 dxe4 11. Nc3 Be7 12. g4 Bg6 13. Qb3 Nxe5 14. dxe5 Qb6 15. Be3 Qxb3 16. axb3 a6 17. Rfd1 h5 18. Kg2 hxg4 19. hxg4 f6 20. e6 Rh4 21. Kg3 f5 22. f3 exf3 23. exf3 fxg4 24. Rd7 Rh5 25. Kxg4 Re5 26. Bf4 Rxe6 27. Rxb7 Bd3 28. Rd1 Rd8 29. Kg3 g5 30. Bc1 Bf6 31. Rh1 Rd7 32. Rb8+ Kf7 33. Kg2 Bc2 34. Rc8 Kg6 35. Rg8+ Kf5 36. Rc8 Rd3 37. Rf1 Bxc3 38. bxc3 Rxc3 39. b4 Re2+ 40. Kg3 Bb3 41. Rf8+ Kg6 42. Re8 Rxe8 0-1


[Site "https://www.chess.com"]

[Event "Titled Tuesday Blitz June 14 Early 2022"]
[White "Tatarinov, Dmitry"]
[Black "Le, Tuan Minh"]
[WhiteFideId "24160067"]
[BlackFideId "12401153"]
[WhiteElo "2302"]
[BlackElo "2530"]
[Result "0-1"]
[Round "06"]
[TimeControl "180+1"]
[Date "2022.06.14"]
[WhiteClock "0:00:32"]
[BlackClock "0:01:49"]

1. c4 c6 2. d4 d5 3. e3 Nf6 4. Nc3 a6 5. Nf3 Bf5 6. Bd3 Bg6 7. O-O e6 8. Qe2 Nbd7 9. e4 dxe4 10. Nxe4 Be7 11. Ne5 O-O 12. Nxg6 hxg6 13. Ng5 Re8 14. Bd2 Nf8 15. Rad1 Qxd4 16. Be3 Qe5 17. Qf3 Rad8 18. b3 N8h7 19. Nh3 Bc5 20. Bf4 Qh5 21. Qg3 Ne4 22. Bxe4 Rxd1 23. Bf3 Rxf1+ 24. Kxf1 Qf5 25. Qxg6 Qxg6 26. Be4 Qxe4 27. Ng5 Qxf4 28. g4 Qxf2# 0-1


[Site "https://www.chess.com"]

[Event "Titled Tuesday Blitz June 14 Early 2022"]
[White "Zhigalko, Sergei"]
[Black "Kucuksari, Kaan"]
[WhiteFideId "13502956"]
[BlackFideId "6380166"]
[WhiteElo "2662"]
[BlackElo "2305"]
[Result "1-0"]
[Round "06"]
[TimeControl "180+1"]
[Date "2022.06.14"]
[WhiteClock "0:00:04"]
[BlackClock "0:00:03"]

1. e4 c6 2. d4 d5 3. e5 c5 4. Nf3 Nc6 5. dxc5 Bg4 6. c3 e6 7. Be3 Nge7 8. Bb5 Nf5 9. Qa4 Bxf3 10. Bxc6+ bxc6 11. Qxc6+ Ke7 12. Qb7+ Ke8 13. Qc6+ Ke7 14. Qb7+ Ke8 15. gxf3 Rb8 16. Qc6+ Qd7 17. Qxd7+ Kxd7 18. b4 d4 19. Bd2 Kc6 20. Ke2 Be7 21. Rc1 Rhd8 22. a3 f6 23. f4 Kd5 24. c4+ Kc6 25. Kd3 fxe5 26. fxe5 Rf8 27. f4 Rbd8 28. Rg1 g5 29. fxg5 Nh4 30. b5+ Kb7 31. c6+ Kc8 32. Rg3 Ng6 33. Rh3 Nxe5+ 34. Ke4 Nxc4 35. Rxh7 Bc5 36. Bb4 Nd6+ 37. Kd3 Rf3+ 38. Kc2 d3+ 39. Kb3 d2+ 40. Kc2 Nc4 41. Bxd2 Rxd2+ 42. Nxd2 Rf2 43. Kc3 Nxd2 44. Rd1 Ne4+ 45. Kc4 Bb6 46. Rh8+ Kc7 47. Rd7# 1-0


[Site "https://www.chess.com"]

[Event "Titled Tuesday Blitz June 14 Early 2022"]
[White "Zierk, Steven"]
[Black "Gaehwiler, Gabriel"]
[WhiteFideId "2034255"]
[BlackFideId "1314530"]
[WhiteElo "2494"]
[BlackElo "2383"]
[Result "1-0"]
[Round "06"]
[TimeControl "180+1"]
[Date "2022.06.14"]
[WhiteClock "0:01:20"]
[BlackClock "0:00:02"]

1. d4 Nf6 2. c4 g6 3. Nc3 Bg7 4. e4 O-O 5. Nf3 d6 6. Be2 e5 7. Be3 exd4 8. Nxd4 Re8 9. f3 c6 10. Bf2 d5 11. exd5 cxd5 12. O-O Nc6 13. c5 a6 14. Qd2 Bd7 15. Rad1 Nxd4 16. Bxd4 Bc6 17. Rfe1 Nh5 18. Bxg7 Nxg7 19. Nxd5 Bxd5 20. Qxd5 Qxd5 21. Rxd5 Re7 22. Kf2 Rae8 23. Rdd1 Nf5 24. Bd3 Ne3 25. Rc1 f5 26. g3 g5 27. c6 bxc6 28. Bxa6 f4 29. gxf4 gxf4 30. Rg1+ Kf8 31. Rxc6 Rd8 32. Rf6+ Rf7 33. Rxf7+ Kxf7 34. Ke2 Ra8 35. Bd3 Rxa2 36. Rb1 h6 37. Kd2 Kf6 38. Kc3 Ra8 39. b4 Rc8+ 40. Kb3 Ke5 41. Be4 Kd4 42. b5 Rc3+ 43. Kb4 Rc4+ 44. Ka5 1-0


[Site "https://www.chess.com"]

[Event "Titled Tuesday Blitz June 14 Early 2022"]
[White "Aditya Mittal"]
[Black "Kowalczyk, Pawel"]
[WhiteFideId "35042025"]
[BlackFideId "1130641"]
[WhiteElo "2303"]
[BlackElo "2344"]
[Result "1-0"]
[Round "07"]
[TimeControl "180+1"]
[Date "2022.06.14"]
[WhiteClock "0:00:03"]
[BlackClock "0:00:24"]

1. d4 Nf6 2. c4 c5 3. d5 b5 4. cxb5 a6 5. bxa6 Bxa6 6. Nc3 d6 7. e4 Bxf1 8. Kxf1 g6 9. g3 Bg7 10. Kg2 O-O 11. Nf3 Nbd7 12. a4 Qb6 13. Qc2 Rfb8 14. Nb5 Ng4 15. Bg5 Kf8 16. Nd2 h6 17. Nc4 Qb7 18. Bd2 Nge5 19. Ne3 Nb6 20. Bc3 Ned7 21. b3 Nf6 22. Rhd1 h5 23. f4 Nbd7 24. Nc4 h4 25. Qd3 Qc8 26. e5 dxe5 27. fxe5 Nh5 28. Rf1 Kg8 29. e6 Ndf6 30. exf7+ Kxf7 31. Ne5+ Kg8 32. Qxg6 hxg3 33. hxg3 Qb7 34. Nc6 Qd7 35. Rad1 Rxb5 36. axb5 Ra2+ 37. Rf2 Rxf2+ 38. Kxf2 Qh3 39. Nxe7+ Kf8 40. Nf5 Ne4+ 41. Kf3 Nxc3 42. Re1 Ne4 43. Rxe4 Qh1+ 44. Ke3 Qe1+ 45. Kf3 Qh1+ 46. Kf2 Qxe4 47. Qxh5 Qxd5 48. Qf3 Qd2+ 49. Qe2 Bd4+ 50. Nxd4 Qxd4+ 51. Qe3 Qb4 52. Qf4+ 1-0


[Site "https://www.chess.com"]

[Event "Titled Tuesday Blitz June 14 Early 2022"]
[White "Antipov, Mikhail Al."]
[Black "Avinash, Ramesh"]
[WhiteFideId "4107012"]
[BlackFideId "45018340"]
[WhiteElo "2524"]
[BlackElo "1875"]
[Result "0-1"]
[Round "07"]
[TimeControl "180+1"]
[Date "2022.06.14"]
[WhiteClock "0:00:02"]
[BlackClock "0:00:18"]

1. e4 e6 2. d4 d5 3. Nd2 Nf6 4. e5 Nfd7 5. Bd3 c5 6. c3 Nc6 7. Ngf3 cxd4 8. cxd4 f6 9. exf6 Nxf6 10. O-O Bd6 11. Re1 O-O 12. a3 a6 13. b4 Bd7 14. Bb2 Qe7 15. Rc1 g6 16. Nb3 Qg7 17. Nc5 Bxc5 18. dxc5 Rae8 19. Rc2 Qh6 20. Ne5 Nxe5 21. Bxe5 Ba4 22. f3 Bxc2 23. Qxc2 Nd7 24. Bb2 e5 25. Qb3 Nf6 26. Re2 Rf7 27. g3 Qh5 28. Bb1 e4 29. Re3 exf3 30. Rxe8+ Nxe8 31. Bd4 f2+ 32. Bxf2 Qf3 33. Qb2 Nf6 0-1


[Site "https://www.chess.com"]

[Event "Titled Tuesday Blitz June 14 Early 2022"]
[White "Babazada, Khazar"]
[Black "Shimanov, Aleksandr"]
[WhiteFideId "13413554"]
[BlackFideId "4198603"]
[WhiteElo "2406"]
[BlackElo "2605"]
[Result "0-1"]
[Round "07"]
[TimeControl "180+1"]
[Date "2022.06.14"]
[WhiteClock "0:00:36"]
[BlackClock "0:00:07"]

1. e4 d5 2. Nc3 d4 3. Nce2 e5 4. d3 c5 5. g3 Nc6 6. Bg2 Be6 7. f4 f6 8. Nf3 Bd6 9. O-O Nge7 10. f5 Bf7 11. g4 h6 12. h4 c4 13. Ng3 b5 14. g5 hxg5 15. hxg5 Qb6 16. b3 cxd3 17. cxd3 Rc8 18. Rf2 Kd7 19. Nh2 Nb4 20. Ng4 Nxd3 21. gxf6 Nxf2 22. Kxf2 gxf6 23. Nxf6+ Kd8 24. Kf1 Rc3 25. Qe1 b4 26. Bg5 Kc8 27. Ne2 Qb5 28. Kg1 Kb8 29. Bf1 Qc6 30. Nxc3 bxc3 31. Bd3 Rh3 32. Bf1 Rh8 33. Bd3 Nc8 34. Qf2 Nb6 35. Kg2 Nd7 36. Nxd7+ Qxd7 37. Kf3 Rh3+ 38. Kg4 Rxd3 39. Rh1 Qc6 40. Qe2 Re3 41. Rh8+ Kb7 42. Bxe3 Qxe4+ 43. Kg5 Be7+ 44. f6 Qg6+ 45. Kh4 Bxf6+ 46. Kh3 Bxh8 47. Qb5+ Qb6 48. Qd7+ Qc7 49. Qb5+ Kc8 50. Qa6+ Qb7 51. Qh6 Qd7+ 52. Kh2 dxe3 53. Qxh8+ Kb7 54. Qxe5 Qc7 0-1


[Site "https://www.chess.com"]